 Dungeon Crawl Stone Soup version 0.31-a0-217-g58bb5d79cf (webtiles) character file.

Game seed: 10984623048084691696

130 qw the Chopper (level 5, -2/32 HPs)
             Began as a Gargoyle Fighter on July 2, 2023.
             Killed from afar by Jessica (4 damage)
             ... with a puff of flame
             ... on level 2 of the Dungeon.
             The game lasted 00:00:36 (1169 turns).

qw the Chopper (Gargoyle Fighter)                   Turns: 1169, Time: 00:00:36

Health: -2/32      AC: 10    Str: 22    XL:     5   Next: 13%
Magic:  5/5        EV:  9    Int:  8    God:
Gold:   86         SH:  4    Dex:  9    Spells: 4/4 levels left

rFire   . . .        Y - +0 war axe
rCold   . . .        c - +0 buckler
rNeg    + . .        b - +0 scale mail
rPois   inf          (no helmet)
rElec   +            (no cloak)
rCorr   +            (no gloves)
SInv    .            (no boots)
Will    .....        (no amulet) Stlth
                     h - ring of resist corrosion
HPRegen 0.25/turn    (no ring)
MPRegen 0.09/turn

%: no passive effects
@: slowed, very slow
A: sickness immunity, AC +4, negative energy resistance 1, electricity
resistance, torment resistance 1, petrification resistance
a: no special abilities


You were on level 2 of the Dungeon.
You visited 1 branch of the dungeon, and saw 2 of its levels.

You collected 86 gold pieces.


Innate Abilities, Weirdness & Mutations

You are immune to sickness and miasma.
Your stone body is resilient. (AC +4)
You are immune to poison.
You resist negative energy. (rN+)
You are resistant to electric shocks. (rElec)
You are resistant to unholy torment.
You are immune to petrification.


   Skills:
 - Level 3.2 Fighting
 + Level 4.7 Axes
 - Level 3.2 Armour
 - Level 3.2 Shields


You had 4 spell levels left.
You didn't know any spells.
Your spell library was empty.

Inventory:

Hand Weapons
 i - a +0 mace
 Y - a +0 war axe (weapon)
Armour
 b - a +0 scale mail (worn)
 c - a +0 buckler (worn)
Jewellery
 h - a ring of resist corrosion (left hand)
 k - a +5 ring of evasion
Scrolls
 a - a scroll of fear {unknown}
 e - a scroll of silence {unknown}
 f - a scroll of identify
Potions
 d - 4 potions of might
 g - a potion of ambrosia {unknown}
 j - a potion of haste {unknown}

Dungeon Overview and Level Annotations

Branches:
Dungeon (2/15)

Altars:

Annotations:
D:2 Jessica


Message History

You hit Natasha.
Natasha is heavily wounded.
You block Natasha's attack. Natasha claws you.
The hobgoblin completely misses you. Jessica hits you but does no damage.
A rat comes into view.
You barely miss Natasha.
Natasha is moderately wounded.
You hit Jessica but do no damage. You hit the hobgoblin.
You kill the hobgoblin!
Natasha claws you.
Jessica points at you and mumbles some strange words.
Pain shoots through your body! Natasha barely misses you.
Jessica barely misses you.
You hit Natasha.
Natasha is severely wounded.
You closely miss Jessica.
Natasha stares at you and mumbles some strange words.
You resist with some effort.
Jessica mumbles some strange words.
Jessica blinks!
Natasha claws you. Jessica hits you with a +0 club.
You slash Natasha!
You kill Natasha!
You feel Natasha's spirit has finally been put to rest.
You hit Jessica.
Jessica zaps a wand.
The puff of flame hits you! Jessica closely misses you.
The goblin hits you with a +0 dagger.
You have reached level 5!
You closely miss Jessica.
Jessica is moderately wounded.
You slash the goblin!
You kill the goblin!
You slash the rat!
You kill the rat!
Jessica mumbles some strange words.
Jessica seems to speed up.
Jessica hits you but does no damage.
You closely miss Jessica.
Jessica is moderately wounded.
Jessica hits you with a +0 club.
Jessica zaps a wand.
The puff of flame hits you.
You die...

... .........
....####........
........#........
...(...(#........
#......#........
#...............
#......@).......
#.......@%.....#
#.......##....##
#......#......#
#......#..#.###
#......#.##
#.....##.# ######
##...#.##.#
...##..#..###.#..##
##....#...##......
#


You could see Jessica (fast).

Vanquished Creatures
  Natasha (thrice) (D:2)
  3 adders (D:2)
  4 ball pythons
  An endoplasm (D:1)
  2 giant cockroaches
  2 goblins (D:2)
  3 hobgoblins
  5 kobolds
  3 quokkas (D:1)
  2 bats (D:1)
  3 rats
31 creatures vanquished.

Notes
Turn   | Place    | Note
-------+----------+-------------------------------------------
     0 | D:1      | qw the Gargoyle Fighter began the quest for the Orb.
     0 | D:1      | Reached XP level 1. HP: 14/14 MP: 1/1
     0 | D:1      | 0 ||| qw: Version: 0.3-a-40-ge99b1a8
     0 | D:1      | 0 ||| qw: Game counter: 7993
     0 | D:1      | 0 ||| qw: Melee chars always use a shield: true
     0 | D:1      | 0 ||| qw: God list: Okawaru
     0 | D:1      | 0 ||| qw: Allow faded altars: false
     0 | D:1      | 0 ||| qw: Do Orc after clearing Dungeon:15 true
     0 | D:1      | 0 ||| qw: Do second Lair branch before Depths: true
     0 | D:1      | 0 ||| qw: Lair rune preference: random
     0 | D:1      | 0 ||| qw: Goals: Normal, Zot:1-4, Slime:5, God:TSO, Crypt,
                  | Tomb, Abyss, Pan, Hells, Win
     0 | D:1      | 0 ||| PLANNING D:1-11
   108 | D:1      | Reached skill level 2 in Axes
   285 | D:1      | Reached XP level 2. HP: 16/19 MP: 2/2
   393 | D:1      | Found a faded altar of an unknown god.
   424 | D:1      | 424 ||| DROPPING +0 club.
   440 | D:1      | 440 ||| Stepping ~*~*~tactically~*~*~ (hiding).
   441 | D:1      | 441 ||| Stepping ~*~*~tactically~*~*~ (hiding).
   444 | D:1      | 444 ||| Stepping ~*~*~tactically~*~*~ (hiding).
   445 | D:1      | 445 ||| Stepping ~*~*~tactically~*~*~ (hiding).
   446 | D:1      | 446 ||| Stepping ~*~*~tactically~*~*~ (hiding).
   449 | D:1      | 449 ||| Stepping ~*~*~tactically~*~*~ (hiding).
   699 | D:1      | 699 ||| UPGRADING to ring of resist corrosion.
   700 | D:1      | 700 ||| READING scroll labelled RITEDAY FENNU.
   705 | D:1      | 705 ||| READING 2 scrolls labelled WOUBYM HUCIOMM.
   733 | D:2      | Reached skill level 3 in Axes
   733 | D:2      | Reached XP level 3. HP: 23/23 MP: 3/3
   793 | D:2      | Noticed Natasha
   804 | D:2      | Killed Natasha
   910 | D:2      | Reached XP level 4. HP: 25/28 MP: 4/4
   923 | D:2      | 923 ||| Stepping ~*~*~tactically~*~*~ (stealth).
   933 | D:2      | 933 ||| Stepping ~*~*~tactically~*~*~ (stealth).
   934 | D:2      | 934 ||| Stepping ~*~*~tactically~*~*~ (stealth).
   942 | D:2      | Reached skill level 4 in Axes
  1032 | D:2      | Noticed Natasha
  1047 | D:2      | HP: 7/28 [Natasha (5)]
  1049 | D:2      | HP: 3/28 [cerulean imp/+1 spear[Natasha] (2)]
  1050 | D:2      | Killed Natasha
  1158 | D:2      | Noticed Natasha
  1159 | D:2      | 1159 ||| Stepping ~*~*~tactically~*~*~ (stealth).
  1161 | D:2      | Noticed Jessica
  1167 | D:2      | Killed Natasha
  1167 | D:2      | HP: 3/28 [Jessica/puff of flame (8)]
  1168 | D:2      | Reached XP level 5. HP: 3/32 MP: 5/5
  1169 | D:2      | Killed from afar by Jessica

Levels and vault maps discovered:
D:1:      elethiomel_arrival_infinity_welcomes_careful_drivers, layout_rooms,
          basic_ecumenical_altar
D:2:      layout_rooms, serial_shops, nicolae_shop_gaudy_bauble,
          minmay_misc_feat_encased, nrook_mini_vaults, uniq_natasha,
          uniq_jessica

Skill      XL: |  1  2  3  4 |
---------------+-------------+-----
Axes           | 2 3 4 |  4.7
Fighting       | |  3.2
Armour         | |  3.2
Shields        | |  3.2

Action                     |  1- 3 |  4- 6 || total
---------------------------+-------+-------++-------
  Melee: War axe           |    66 |    30 ||    96
    Use: Scroll            |     2 |       ||     2
 Armour: Scale mail        |    47 |    29 ||    76
  Dodge: Dodged            |    27 |    18 ||    45
  Block: Buckler           |    11 |    10 ||    21

Table legend:
 A = Non-vault XP
 B = Vault XP
 C = Vault XP percentage of total XP
 D = Non-vault monster count
 E = Vault monster count
 F = Vault count percentage of total count
                 A         B        C        D         E       F
            +---------+---------+-------+---------+---------+-------
      Total |     153 |      33 |  17.7 |      30 |       1 |   3.2
            +---------+---------+-------+---------+---------+-------
        D:1 |      22 |       0 |   0.0 |      12 |       0 |   0.0
        D:2 |     131 |      33 |  20.1 |      18 |       1 |   5.3
            +---------+---------+-------+---------+---------+-------
